 Dungeon Crawl Stone Soup version 0.24-a0-715-g0b739ee41d (webtiles) character file.

Game seed: 13239145751720903009, levelgen mode: deterministic

718 Marnok the Cudgeler (level 7, -1/54 HPs)
             Began as a Demonspawn Chaos Knight on Sept 30, 2019.
             Was a Plaything of Xom.
             Killed from afar by Grinder (6 damage)
             ... with a puff of flame
             ... on level 5 of the Dungeon.
             The game lasted 00:16:36 (5260 turns).

Marnok the Cudgeler (Demonspawn Chaos Knight)       Turns: 5260, Time: 00:16:37

Health: -1/54      AC:  7    Str: 14    XL:     7   Next: 42%
Magic:  7/7        EV: 13    Int: 12    God:    Xom [..*...]
Gold:   196        SH:  6    Dex: 16    Spells: 6/6 levels left

rFire    x . .     SeeInvis .   a - +3 mace (chaos)
rCold    + + .     Gourm    .   (no shield)
rNeg     . . .     Faith    .   b - +2 leather armour
rPois    .         Spirit   .   (no helmet)
rElec    .         Reflect  .   (no cloak)
rCorr    +         Harm     .   o - +1 pair of gloves
MR       .....                  (no boots)
Stlth    ++........             (no amulet)
HPRegen  0.18/turn              l - ring of ice
MPRegen  0.10/turn              g - ring of resist corrosion

@: no status effects
A: large bone plates 2, agile 2, cold resistance 1, dopey 1, freezing cloud
immunity
a: Renounce Religion


You were on level 5 of the Dungeon.
You worshipped Xom.
You were a toy of Xom.
You were very hungry.

You visited 1 branch of the dungeon, and saw 6 of its levels.

You collected 196 gold pieces.

Inventory:

Hand Weapons
 a - a +3 mace of chaos (weapon)
 j - a +2 dagger of venom
 r - a +2 mace of crushing
Armour
 b - a +2 leather armour (worn)
 o - a +1 pair of gloves (worn)
Jewellery
 g - a ring of resist corrosion (right hand)
 l - a ring of ice (left hand)
Wands
 k - a wand of enslavement (10)
Scrolls
 e - 2 scrolls of magic mapping
 i - a scroll of remove curse
 n - a scroll of amnesia
Potions
 d - a potion of brilliance
Comestibles
 c - 3 rations


   Skills:
 + Level 4.0 Fighting
 + Level 5.6 Maces & Flails
 + Level 3.3 Armour
 + Level 3.1 Dodging
 + Level 2.3 Stealth


You had 6 spell levels left.
You didn't know any spells.
Your spell library was empty.

Dungeon Overview and Level Annotations

Branches:
Dungeon (6/15)             Temple (0/1) D:4

Altars:
Fedhas
Gozag
Nemelex Xobeh
Ru
Sif Muna

Shops:
D:4 *

Annotations:
D:5 Blork the orc, Grinder, Ijyb


Innate Abilities, Weirdness & Mutations

You are mostly covered in large bone plates. (SH +6)
Your flesh is cold resistant. (rC+)
You are immune to freezing clouds.
You are very agile. (Dex +4)
You are dopey. (Int -2)


Message History

* * * LOW HITPOINT WARNING * * *
You hit something.
Space bends around something.
Something tries to affect you, but you resist.
You miss something. Something hits you.
* * * LOW HITPOINT WARNING * * *
You writhe in agony.
* * * LOW HITPOINT WARNING * * *
Okay, then.
You feel better.
You hear a zap.
A puff of flame appears from out of thin air!
The puff of flame hits you. The fire burns you terribly!
* * * LOW HITPOINT WARNING * * *
Okay, then.
You closely miss something. You block something's attack.
You barely miss something.
You hear a zap.
A puff of flame appears from out of thin air!
The puff of flame hits you. The fire burns you terribly!
You die...

.##.... #.....
....##. .... ## ###
##. #.. ###♣♣♣ ♣ ##.
##.bb.♣.♣ #..
##.b@{..♣ #.!
#...b..♣♣ #..
#...bb♣♣ #.. #.###♣♣
#.. #.# #.. #.# ###
#.# #################
#.###..............##
#............###..###


There were no monsters in sight!

Vanquished Creatures
  3 ogres (D:4)
  A bullfrog zombie (D:5)
  2 jellies (D:5)
  2 orc priests (D:5)
  2 orc wizards
  A bullfrog skeleton (D:4)
  A worker ant (D:6)
  2 iguanas
  A gnoll (D:1)
  5 adders
  2 oozes
  An adder skeleton (D:4)
  3 worms
  A dart slug (D:2)
  3 leopard geckos
  6 orcs
  2 giant cockroaches
  7 goblins
  8 hobgoblins
  9 jackals
  6 kobolds
  2 quokkas
  3 ball pythons
  7 bats
  5 frilled lizards
  A leopard gecko skeleton (D:4)
  7 rats
93 creatures vanquished.

Vanquished Creatures (others)
  A plant (D:5)
1 creature vanquished.

Grand Total: 94 creatures vanquished

Notes
Turn   | Place    | Note
-------+----------+-------------------------------------------
     0 | D:1      | Marnok the Demonspawn Chaos Knight began the quest for the
                  | Orb.
     0 | D:1      | Reached XP level 1. HP: 18/18 MP: 1/1
   297 | D:1      | Reached skill level 3 in Maces & Flails
   314 | D:1      | Gained mutation: You are partially covered in large bone
                  | plates. (SH +4) [demonic ancestry]
   314 | D:1      | Reached XP level 2. HP: 19/24 MP: 2/2
   701 | D:1      | XOM: confusion (+ monsters)
   709 | D:1      | Reached skill level 1 in Dodging
   709 | D:1      | Gained mutation: You are mostly covered in large bone
                  | plates. (SH +6) [demonic ancestry]
   709 | D:1      | Reached XP level 3. HP: 14/29 MP: 3/3
  1031 | D:1      | XOM: god gift: 2 coppery potions {god gift}
  1176 | D:1      | XOM: harmless Chrm miscast
  1398 | D:1      | XOM: god gift: scroll labeled PAPRIPRUAJO {god gift}
  1431 | D:1      | XOM: give mutation
  1431 | D:1      | Gained mutation: You are agile. (Dex +2) [Xom's grace]
  1722 | D:2      | Found a blossoming altar of Fedhas.
  1745 | D:3      | XOM: potion effect (haste)
  2322 | D:2      | XOM: harmless Necr miscast
  2328 | D:2      | Reached XP level 4. HP: 25/35 MP: 4/4
  2340 | D:3      | XOM: harmless Pois miscast
  2774 | D:5      | Entered Level 5 of the Dungeon
  2774 | D:5      | Found a sacrificial altar of Ru.
  2774 | D:5      | Noticed an ogre
  2866 | D:3      | XOM: medium Tmut miscast
  2866 | D:3      | Gained mutation: You are dopey. (Int -2) [mutagenic glow]
  2895 | D:3      | Gained mutation: You are very agile. (Dex +4) [mutagenic
                  | glow]
  3225 | D:4      | XOM: summons 2 hostile shadow creatures
  3246 | D:4      | Found a staircase to the Ecumenical Temple.
  3282 | D:5      | Noticed Blork the orc
  3282 | D:5      | Noticed an ice beast
  3397 | D:4      | Found Gozag's Platinum Reserve.
  3402 | D:4      | Found an opulent altar of Gozag.
  3448 | D:4      | Noticed an ogre
  3458 | D:4      | Killed an ogre
  3458 | D:4      | Reached skill level 4 in Maces & Flails
  3458 | D:4      | Reached skill level 1 in Stealth
  3458 | D:4      | Reached XP level 5. HP: 21/41 MP: 5/5
  3645 | D:4      | XOM: summons 2 hostile demons
  3706 | D:4      | XOM: smoke on damage
  3932 | D:4      | Gained mutation: Your flesh is cold resistant. (rC+)
                  | [demonic ancestry]
  3932 | D:4      | Reached XP level 6. HP: 12/47 MP: 6/6
  4197 | D:4      | XOM: give mutations
  4197 | D:4      | Gained mutation: Scrolls take you a little longer to read.
                  | [Xom's mischief]
  4197 | D:4      | Lost mutation: Scrolls take you a little longer to read.
                  | [Xom's mischief]
  4205 | D:4      | XOM: swap monsters
  4377 | D:5      | XOM: blink monster(s)
  4393 | D:4      | XOM: harmless Pois miscast
  4409 | D:4      | Reached skill level 5 in Maces & Flails
  4734 | D:5      | XOM: god gift: wand of enslavement (10)
  4740 | D:5      | Gained mutation: You are immune to freezing clouds.
                  | [demonic ancestry]
  4740 | D:5      | Reached XP level 7. HP: 38/53 MP: 7/7
  4842 | D:6      | XOM: divination: detect items
  4857 | D:5      | Found a shimmering blue altar of Sif Muna.
  4857 | D:5      | Found a sparkling altar of Nemelex Xobeh.
  5211 | D:5      | Noticed Ijyb
  5248 | D:5      | Noticed Grinder
  5255 | D:5      | XOM: butterfly on damage
  5257 | D:5      | HP: 2/54 [something (3)]
  5260 | D:5      | Killed from afar by Grinder

Levels and vault maps discovered:
D:1:      lemuel_arrival_tunnels, layout_basic, minmay_misc_feat_doors
D:2:      layout_loops_ring, overflow_temple_1_default
D:3:      layout_basic, first_ration, kennysheep_generic_room_6
D:4:      minmay_chambers_of_threes, layout_basic,
          minmay_temple_entry_large_hall, nicolae_gozag_zags_fifth_avenue
D:5:      cheibrodos_thug_alley, layout_cave_pools, slow_altar_1,
          gammafunk_temple_overflow_forgotten, uniq_crazy_yiuf_cottage,
          uniq_blork_the_orc, uniq_grinder, uniq_ijyb
D:6:      minmay_goblin_kobold_castle, layout_layer_cave,
          ebering_ghost_disaster_area, chequers_serial_rivers_micro_b,
          lexackson_kobold_supper

Skill      XL: |  1  2  3  4  5  6  7 |
---------------+----------------------+-----
Armour         | 2 3 |  3.3
Maces & Flails | 3 4 5 |  5.6
Dodging        | 1 2 3 |  3.1
Stealth        | 1 2 |  2.3
Fighting       | 4 |  4.0

Action                   |  1- 3 |  4- 6 |  7- 9 || total
-------------------------+-------+-------+-------++-------
Melee: Mace              |   162 |   150 |    42 ||   354
  Use: Scroll            |       |    11 |     4 ||    15
       Potion            |       |     9 |     1 ||    10
 Stab: Sleeping          |       |     2 |     1 ||     3
       Confused          |       |     3 |       ||     3
       Petrifying        |       |     1 |       ||     1
       Distracted        |       |       |     1 ||     1
  Eat: Chunk             |     5 |     7 |     1 ||    13
Armor: Leather armour    |    71 |    49 |     1 ||   121
Dodge: Dodged            |   107 |   129 |    13 ||   249
Block: Other             |    34 |    48 |    10 ||    92

Table legend:
 A = Non-vault XP
 B = Vault XP
 C = Vault XP percentage of total XP
 D = Non-vault monster count
 E = Vault monster count
 F = Vault count percentage of total count
                 A         B        C        D         E       F
            +---------+---------+-------+---------+---------+-------
      Total |     860 |     166 |  16.2 |      84 |       9 |   9.7
            +---------+---------+-------+---------+---------+-------
        D:1 |      50 |       0 |   0.0 |      23 |       0 |   0.0
        D:2 |      41 |       0 |   0.0 |      16 |       0 |   0.0
        D:3 |      48 |       3 |   5.9 |      20 |       2 |   9.1
        D:4 |     379 |     163 |  30.1 |      14 |       7 |  33.3
        D:5 |     305 |       0 |   0.0 |      10 |       0 |   0.0
        D:6 |      37 |       0 |   0.0 |       1 |       0 |   0.0
            +---------+---------+-------+---------+---------+-------
